 Dungeon Crawl Stone Soup version 0.30-a0-359-gd0147acb1a (webtiles) character file.

Game seed: 2981543532014244107

18 ragingrage the Sneak (level 2, 0/15 HPs)
             Began as a Vine Stalker Brigand on Nov 12, 2022.
             Succumbed to an adder's poison
             ... on level 2 of the Dungeon.
             The game lasted 00:00:39 (869 turns).

ragingrage the Sneak (Vine Stalker Brigand)          Turns: 869, Time: 00:00:39

Health: 0/15       AC:  3    Str: 13    XL:     2   Next: 66%
Magic:  0/3        EV: 11    Int: 11    God:
Gold:   31         SH:  0    Dex: 15    Spells: 1/1 levels left

rFire   + . .      SeeInvis .    a - +2 dagger
rCold   . . .      Faith    .    (no shield)
rNeg    . . .      Spirit   +    b - +0 robe
rPois   .          Reflect  .    (no helmet)
rElec   .          Harm     .    c - +0 cloak
rCorr   .          Rampage  .    (no gloves)
Will    .....                    (no boots)
Stlth   +++.......               (no amulet)
HPRegen 0.22/turn                h - ring of protection from fire
MPRegen 0.08/turn                (no ring)

@: brilliant, lethally poisoned (0 -> -7)
A: fangs 2, magic shield, antimagic bite, no potion heal 2
a: no special abilities


You were on level 2 of the Dungeon.
You visited 1 branch of the dungeon, and saw 2 of its levels.

You collected 31 gold pieces.

Inventory:

Hand Weapons
 a - a +2 dagger (weapon)
Missiles
 d - 13 poisoned darts (quivered)
 e - 3 curare-tipped darts
Armour
 b - a +0 robe (worn)
 c - a +0 cloak (worn)
Jewellery
 h - a ring of protection from fire (left hand)
Scrolls
 f - a scroll of enchant armour {unknown}
 g - a scroll of amnesia {unknown}
 i - a scroll of blinking {unknown}


   Skills:
 - Level 1.7 Fighting
 * Level 2.4 Short Blades
 + Level 2.0 Throwing
 - Level 0.7 Dodging
 + Level 5.1 Stealth


You had one spell level left.
You didn't know any spells.
Your spell library contained the following spells:

 Spells                   Type           Power      Damage    Failure   Level
 Fireball                 Conj/Fire      0%         3d3       100%        5
 Iskenderun's Battlesphe  Conj           0%         2d6       100%        5
 Conjure Ball Lightning   Conj/Air       0%         3x3d6     100%        6
 Orb of Destruction       Conj           0%         9d5       100%        7


Dungeon Overview and Level Annotations

Branches:
Dungeon (2/15)

Altars:
Cheibriados


Innate Abilities, Weirdness & Mutations

You have extremely sharp teeth.
When hurt, damage is shared between your health and your magic reserves.
Your bite disrupts and absorbs the magic of your enemies.
Potions cannot restore your health.


Message History

k - a golden potion
There is a stone staircase leading up here.
You see here a +1 vorpal hand axe.
Found a stone staircase leading up.
An adder comes into view.
The adder hisses angrily.
h - a ring of protection from fire (left hand)
The adder barely misses you.
You see here a +6 ring of intelligence.
You closely miss the adder. The adder bites you.
You are poisoned.
The adder poisons you!
You hit the adder.
The adder is moderately wounded.
You feel sick. The adder barely misses you.
You completely miss the adder. Your bite misses the adder.
The adder is moderately wounded.
You feel sick. The adder barely misses you.
You are too injured to fight recklessly!
You hit the adder but do no damage.
The adder is moderately wounded.
You feel sick. The adder bites you.
You are more poisoned.
The adder poisons you!
You are too injured to fight recklessly!
You hit the adder.
The adder is moderately wounded.
You feel sick. The adder bites you but does no damage.
You hit the adder.
The adder is severely wounded.
You feel sick. The adder bites you but does no damage.
It was a potion of mutation.
You feel extremely strange.
You feel less energetic.
You feel more energetic.
You feel sick. The adder bites you.
* * * LOW HITPOINT WARNING * * *
You are more poisoned.
The adder poisons you! The adder bites you.
It was a potion of brilliance.
You feel clever all of a sudden.
You die...

### ### ##.. ..# ##..#
#.# ###...## #.#
.......# #.#
#......#######.#########
#..._...................
##.....######...@S......
#.....# ####..#####.###
####.####...........
#.........##..#.....
#.##.............<#. #
##.#<†..#####.#.#
#.........## ..#..
...#.†............##.
#..()......##....


You could see an adder.

Vanquished Creatures
  A dart slug (D:2)
  An endoplasm (D:1)
  2 giant cockroaches
  2 goblins (D:1)
  4 jackals
  A bat (D:1)
  A frilled lizard (D:1)
  2 rats (D:1)
14 creatures vanquished.

Notes
Turn   | Place    | Note
-------+----------+-------------------------------------------
     0 | D:1      | ragingrage the Vine Stalker Brigand began the quest for the
                  | Orb.
     0 | D:1      | Reached XP level 1. HP: 11/11 MP: 2/2
   592 | D:1      | Reached skill level 5 in Stealth
   592 | D:1      | Reached XP level 2. HP: 15/15 MP: 3/3
   791 | D:2      | Found a snail-covered altar of Cheibriados.
   868 | D:2      | Gained mutation: Your magical capacity is low. (-10% MP)
                  | [potion of mutation]
   868 | D:2      | Lost mutation: Your magical capacity is low. (-10% MP)
                  | [potion of mutation]
   869 | D:2      | Succumbed to an adder's poison

Illustrated notes

Levels and vault maps discovered:
D:1:      lightli_arrival_windingriver, layout_loops_ring,
          minmay_misc_feat_plants
D:2:      layout_loops_ring, basic_altar,
          dreamdust_ecumenical_altar_angels_and_demons

Skill      XL: |  1  2 |
---------------+-------+-----
Short Blades   | 2 |  2.4
Stealth        | 5 |  5.1
Throwing       | 2 |  2.0
Fighting       | |  1.7
Dodging        | |  0.7

Action                   || total
-------------------------++-------
Melee: Dagger            ||    42
       Bite              ||     5
       Punch             ||     1
  Use: Potion            ||     2
 Stab: Sleeping          ||     6
Armor: Robe              ||    18
Dodge: Dodged            ||    16

Table legend: (Time is in decaauts)
 A = Elapsed time spent in this place.
 B = Non-inter-level travel time spent in this place.
 C = Inter-level travel time spent in this place.
 D = Time resting spent in this place.
 E = Time spent auto-exploring this place.
 F = Levels seen in this place.
 G = Mean time per level.
                   A        B        C        D        E       F      G
               +--------+--------+--------+--------+--------+-----+--------+
         Total |    864 |    857 |      7 |     99 |    647 |   2 |  432.0 |
       Dungeon |    864 |    857 |      7 |     99 |    647 |   2 |  432.0 |
               +--------+--------+--------+--------+--------+-----+--------+

Top non-repeatable levels by time:
     D:1: 789 daAuts
     D:2: 75 daAuts
